 Dungeon Sprint DCSS version 0.30.1-11-g7821555f0a (webtiles) character file.

Game seed: 266465417329412001

25 Groucho the Shield-Bearer (level 3, 0/35 HPs)
             Began as a Gnoll Fighter on Dec 17, 2023.
             Slain by an ogre
             ... wielding a +0 giant club
              (23 damage)
             ... in the Dungeon (Sprint IX: "|||||||||||||||||||||||||||||").
             The game lasted 00:00:22 (51 turns).

Groucho the Shield-Bearer (Gnoll Fighter)             Turns: 51, Time: 00:00:23

Health: 0/35       AC:  7    Str: 15    XL:     3   Next: 4%
Magic:  3/5        EV:  9    Int:  7    God:
Gold:   0          SH:  5    Dex: 13    Spells: 5/5 levels left

rFire   . . .        a - +0 long sword
rCold   . . .        c - +0 buckler
rNeg    . . .        b - +0 scale mail
rPois   .            (no helmet)
rElec   .            (no cloak)
rCorr   .            (no gloves)
SInv    .            (no boots)
Will    .....        (no amulet) Stlth
                     (no ring)
HPRegen 0.25/turn    (no ring)
MPRegen 0.09/turn

%: no teleportation
@: no status effects
A: fangs 1, strong nose, distributed training
a: no special abilities


You were in the Dungeon.
You visited 1 branch

Inventory:

Hand Weapons
 a - a +0 long sword (weapon)
Armour
 b - a +0 scale mail (worn)
 c - a +0 buckler (worn)
Scrolls
 j - a scroll of blinking
Potions
 d - a potion of might
 e - a potion of curing
 g - a potion of haste
 h - 2 potions of magic
 i - a potion of berserk rage


   Skills:
 + Level 6.8 Fighting
 + Level 1.8 Short Blades
 + Level 4.9 Long Blades
 + Level 1.8 Axes
 + Level 1.8 Maces & Flails
 + Level 1.8 Polearms
 + Level 1.8 Staves
 + Level 1.8 Ranged Weapons
 + Level 1.8 Throwing
 + Level 6.8 Armour
 + Level 1.8 Dodging
 + Level 1.8 Stealth
 + Level 6.8 Shields
 + Level 1.8 Unarmed Combat
 + Level 1.8 Spellcasting
 + Level 1.4 Conjurations
 + Level 1.4 Hexes
 + Level 1.4 Summonings
 + Level 1.4 Necromancy
 + Level 1.4 Translocations
 + Level 1.4 Transmutations
 + Level 1.4 Fire Magic
 + Level 1.4 Ice Magic
 + Level 1.4 Air Magic
 + Level 1.4 Earth Magic
 + Level 1.4 Poison Magic
 + Level 2.0 Invocations
 + Level 1.8 Evocations


You had 5 spell levels left.
You didn't know any spells.
Your spell library was empty.

Dungeon Overview and Level Annotations

Branches:
Dungeon (1/1)

Altars:


Innate Abilities, Weirdness & Mutations

You have very sharp teeth.
Your uncanny sense of smell can sniff out nearby items.
Your experience applies equally to all skills.


Message History

You barely miss the ufetubus. Your bite misses the ufetubus.
The ufetubus closely misses you.
The ufetubus hits you but does no damage.
The ufetubus barely misses you.
The ufetubus hits you but does no damage.
You hit the ufetubus.
You bite the ufetubus, but do no damage.
The ufetubus is severely wounded.
The ufetubus barely misses you. You block the ufetubus's attack.
You closely miss the ufetubus.
The ufetubus is severely wounded.
The ufetubus closely misses you. The ufetubus barely misses you.
The ufetubus hits you. You block the ufetubus's attack.
Unknown command.
Unknown command.
You barely miss the ufetubus. Your bite misses the ufetubus.
The ufetubus is severely wounded.
The ufetubus hits you. The ufetubus misses you. The ufetubus barely misses you.
The ufetubus closely misses you.
You slash the ufetubus!
You kill the ufetubus!
Your Invocations skill increases to level 2!
You have reached level 3!
Your experience leads to an increase in your attributes!
Increase (S)trength, (I)ntelligence, or (D)exterity?
You feel agile. x2
Unknown command.
Unknown command.
You closely miss the ogre. The ogre barely misses you.
Unknown command.
Unknown command.
You feel much better. The ogre hits you with a +0 giant club!
You hit the ogre.
The ogre is moderately wounded.
Unknown command.
You completely miss the ogre.
The ogre is moderately wounded.
The ogre hits you with a +0 giant club!!
Ouch! That really hurt!
You die...

▓.▓
▓.▓
▓.▓
▓†▓
▓†▓
▓.▓
▓.▓
▓.▓
∆
▓@▓
∆
▓O▓
∆
▓S▓
∆
▓.▓
∆
▓.▓
∆
▓.▓
∆
▓.▓
∆
▓+▓
∆


You could see an ogre and an adder.

Vanquished Creatures
  An adder (D)
  2 ufetubi (D)
  A ball python (D)
  A jackal (D)
  A frilled lizard (D)
  2 rats (D)
8 creatures vanquished.

Notes
Turn   | Place    | Note
-------+----------+-------------------------------------------
     0 | D        | Groucho the Gnoll Fighter began the quest for the Orb.
     0 | D        | Reached XP level 1. HP: 23/23 MP: 1/1
    16 | D        | Reached skill level 1 in Invocations
    28 | D        | Noticed an ogre
    41 | D        | Reached skill level 1 in Short Blades
    41 | D        | Reached skill level 1 in Axes
    41 | D        | Reached skill level 1 in Maces & Flails
    41 | D        | Reached skill level 1 in Polearms
    41 | D        | Reached skill level 1 in Staves
    41 | D        | Reached skill level 1 in Ranged Weapons
    41 | D        | Reached skill level 1 in Throwing
    41 | D        | Reached skill level 1 in Dodging
    41 | D        | Reached skill level 1 in Stealth
    41 | D        | Reached skill level 1 in Unarmed Combat
    41 | D        | Reached skill level 1 in Spellcasting
    41 | D        | Reached skill level 1 in Conjurations
    41 | D        | Reached skill level 1 in Hexes
    41 | D        | Reached skill level 1 in Summonings
    41 | D        | Reached skill level 1 in Necromancy
    41 | D        | Reached skill level 1 in Translocations
    41 | D        | Reached skill level 1 in Transmutations
    41 | D        | Reached skill level 1 in Fire Magic
    41 | D        | Reached skill level 1 in Ice Magic
    41 | D        | Reached skill level 1 in Air Magic
    41 | D        | Reached skill level 1 in Earth Magic
    41 | D        | Reached skill level 1 in Poison Magic
    41 | D        | Reached skill level 1 in Evocations
    41 | D        | Reached XP level 2. HP: 22/29 MP: 3/3
    48 | D        | Reached XP level 3. HP: 23/35 MP: 3/5
    51 | D        | Slain by an ogre

Illustrated notes

Levels and vault maps discovered:
D:        linesprint [early_d, line_temple, items_1, d_10, items_2, lair_1,
          lair_end, items_3, orc_1, orc_end, items_4, d_15, swamp_1, shoals_1,
          snake_1, spider_1, d_20, vaults_1, items_5, swamp_end, shoals_end,
          snake_end, spider_end, vaults_end, d_27, items_6, zot_1, zot_end,
          crypt_end, forest_end, elf_end, slime_end, tomb_end, abyss_end,
          pan_hell_end]

Skill      XL: |  1  2 |
---------------+-------+-----
Invocations    | 1 2 |  2.0
Short Blades   | 1 |  1.8
Axes           | 1 |  1.8
Maces & Flails | 1 |  1.8
Polearms       | 1 |  1.8
Staves         | 1 |  1.8
Ranged Weapons | 1 |  1.8
Throwing       | 1 |  1.8
Dodging        | 1 |  1.8
Stealth        | 1 |  1.8
Unarmed Combat | 1 |  1.8
Spellcasting   | 1 |  1.8
Conjurations   | 1 |  1.4
Hexes          | 1 |  1.4
Summonings     | 1 |  1.4
Necromancy     | 1 |  1.4
Translocations | 1 |  1.4
Transmutations | 1 |  1.4
Fire Magic     | 1 |  1.4
Ice Magic      | 1 |  1.4
Air Magic      | 1 |  1.4
Earth Magic    | 1 |  1.4
Poison Magic   | 1 |  1.4
Evocations     | 1 |  1.8
Fighting       | |  6.8
Long Blades    | |  4.9
Armour         | |  6.8
Shields        | |  6.8

Action                     || total
---------------------------++-------
  Melee: Long sword        ||    36
         Bite              ||     5
    Use: Potion            ||     1
 Armour: Scale mail        ||    20
  Dodge: Dodged            ||    34
  Block: Buckler           ||    11
